Colorado Rockies vs Pittsburgh Penguins
Created - Sunday, December 3, 2023 at 07:04
Goals
|
| Colorado Rockies |
0 |
1 |
0 |
1 |
| Pittsburgh Penguins |
1 |
3 |
0 |
4 |
|
Shots
|
| Colorado Rockies |
14 |
10 |
7 |
31 |
| Pittsburgh Penguins |
15 |
12 |
12 |
39 |
|
1st period
1. Pittsburgh Penguins , Mitchell Marner 30 (Jean-Gabriel Pageau 30) at 11:38
Penalties :
No Penalty
2nd period
2. Pittsburgh Penguins , Sam Reinhart 36 (Pavel Buchnevich 35, Erik Gudbranson 11) at 5:33
3. Pittsburgh Penguins , Ryan Johansen 10 (Erik Karlsson 22, Anders Lee 19) at 6:38
4. Colorado Rockies , Jesper Bratt 26 (Nikita Kucherov 33) at 7:39
5. Pittsburgh Penguins , Leon Draisaitl 29 (Erik Karlsson 23, Brian Dumoulin 21) at 13:10
Penalties :
Mattias Ekholm (PIT) for High sticking (Minor) at 11:01, Ryan O'Reilly (COL) for Hooking (Minor) at 17:24
3rd period
No Goal
Penalties :
No Penalty
Goalie Stats
Andrei Vasilevskiy (COL), 35 saves from 39 shots - (0.897), L, 28-19-2, 60:00 minutes
Akira Schmid (PIT), 30 saves from 31 shots - (0.968), W, 11-7-1, 60:00 minutes
Players Stats for Colorado Rockies
Player Name G A P +/- PIM S H SB GA TA FO MP PP MP PK MP
------------------------------------------------------------------------------------
David Pastrnak 0 0 0 -1 0 3 1 0 1 0 0/0 16:03 0:53 0:00
Dylan Strome 0 0 0 0 0 1 0 0 0 0 0/1 14:02 0:00 0:50
Evgeny Kuznetsov 0 0 0 0 0 2 2 0 0 0 5/12 13:58 0:00 0:46
Jesper Bratt 1 0 1 0 0 3 1 3 1 1 0/0 17:22 0:00 0:03
Kevin Hayes 0 0 0 -1 0 0 1 0 0 0 1/6 10:11 0:00 0:00
Kyle Connor 0 0 0 -2 0 1 0 1 0 1 0/0 16:26 1:06 0:00
Kyle Palmieri 0 0 0 -1 0 3 0 0 0 0 0/0 10:11 0:00 0:00
Martin Fehervary 0 0 0 0 0 0 2 2 0 1 0/0 15:58 0:00 1:00
Nick Bonino 0 0 0 -1 0 1 0 1 0 0 0/0 11:09 0:00 0:58
Nick Schmaltz 0 0 0 0 0 4 1 0 0 0 0/2 14:51 0:53 0:46
Nikita Kucherov 0 1 1 -1 0 3 3 0 0 1 1/3 18:11 1:06 0:00
Quinn Hughes 0 0 0 -2 0 1 2 0 0 3 0/0 23:33 0:53 0:00
Roman Josi 0 0 0 -1 0 1 3 1 0 1 0/0 20:29 1:06 0:59
Ryan O'Reilly 0 0 0 0 2 1 1 0 0 0 12/24 18:11 0:53 0:00
Shea Theodore 0 0 0 0 0 1 0 1 0 0 0/0 16:02 1:06 0:00
Tim Stutzle 0 0 0 -2 0 4 1 0 0 0 7/15 17:25 1:06 0:35
Victor Hedman 0 0 0 -2 0 1 1 1 0 2 0/0 24:35 0:53 1:00
Zachary Werenski 0 0 0 -1 0 1 0 2 0 0 0/0 19:23 0:00 0:59
Players Stats for Pittsburgh Penguins
Player Name G A P +/- PIM S H SB GA TA FO MP PP MP PK MP
------------------------------------------------------------------------------------
Anders Lee 0 1 1 1 0 5 3 0 1 0 0/0 14:36 0:57 0:00
Brian Dumoulin 0 1 1 2 0 1 1 1 0 1 0/0 20:36 1:10 1:23
Colton Sissons 0 0 0 -1 0 2 0 1 1 0 6/10 8:40 0:00 0:46
Erik Gudbranson 0 1 1 1 0 0 2 0 0 0 0/0 17:20 0:00 0:36
Erik Karlsson 0 2 2 1 0 3 0 3 0 0 0/0 24:13 0:49 1:59
Gabriel Vilardi 0 0 0 -1 0 0 0 0 0 0 0/0 7:54 0:00 0:00
J.J. Moser 0 0 0 1 0 0 0 0 1 0 0/0 16:44 0:00 0:00
Jean-Gabriel Pageau 0 1 1 1 0 0 3 2 0 0 8/13 17:50 0:57 0:46
Jordan Eberle 0 0 0 1 0 2 0 0 0 0 0/0 13:39 0:00 0:00
Leon Draisaitl 1 0 1 2 0 7 0 1 1 0 1/5 18:56 1:02 1:13
Mattias Ekholm 0 0 0 1 2 0 1 1 0 0 0/0 22:58 1:10 0:00
Mitchell Marner 1 0 1 1 0 3 0 0 2 0 0/0 17:33 1:02 0:00
Pavel Buchnevich 0 1 1 1 0 2 2 2 2 1 0/0 19:14 1:02 0:00
Phillip Danault 0 0 0 2 0 3 1 1 1 0 13/23 19:11 0:00 1:13
Ryan Johansen 1 0 1 1 0 2 1 0 0 0 8/11 13:39 0:00 0:00
Ryan Suter 0 0 0 1 0 0 1 2 0 0 0/0 18:18 0:49 0:00
Sam Reinhart 1 0 1 1 0 5 0 0 0 0 1/1 18:45 0:57 0:00
Tom Wilson 0 0 0 -1 0 4 1 0 1 0 0/0 7:54 0:00 0:00
3 Stars
1 - Akira Schmid (PIT)
2 - Leon Draisaitl (PIT)
3 - Erik Karlsson (PIT)
Power Play
Colorado Rockies - 0 on 1 Attempt(s) - 0.00%
Pittsburgh Penguins - 0 on 1 Attempt(s) - 0.00%
Penalty Kill
Colorado Rockies - 1 on 1 Attempt(s) - 100.00%
- Score 0 goal in Penalty Kill
Pittsburgh Penguins - 1 on 1 Attempt(s) - 100.00%
- Score 0 goal in Penalty Kill
Team Stat
Colorado Rockies - Hits : 19 - Faceoff Wins : 26 - Blocked Shots : 12 - Penalty Minutes : 2
Pittsburgh Penguins - Hits : 16 - Faceoff Wins : 37 - Blocked Shots : 14 - Penalty Minutes : 2
Official
Referees : TJ Luxmore and Steve Kozari
Linesman : Lonnie Cameron and Devin Berg
Game Notes
No Game Note
Finance
Level 1 -- Attendance: 5124 (85.40%) -- Ticket Income $512,400
Level 2 -- Attendance: 3883 (77.66%) -- Ticket Income $232,980
Level 3 -- Attendance: 2414 (80.47%) -- Ticket Income $84,490
Level 4 -- Attendance: 3817 (76.34%) -- Ticket Income $95,425
Luxury Box -- Attendance: 761 (76.10%) -- Ticket Income $152,200
Game was played at the Consol Energy Center.
Total Attendance: 15999 (80.00%)
Total Ticket Income: $1,077,495
Other Income: $377,123
Total Income: $1,454,618
Colorado Rockies
5 vs 5 Forward
Center Left Wing Right Wing Time % Phy DF OF
1 Tim Stutzle Kyle Connor David Pastrnak 30 1 2 2
2 Ryan O'Reilly Jesper Bratt Nikita Kucherov 30 1 2 2
3 Evgeny Kuznetsov Dylan Strome Nick Schmaltz 25 1 2 2
4 Kevin Hayes Nick Bonino Kyle Palmieri 15 1 2 2
5 vs 5 Defense
Defense Defense Time % Phy DF OF
1 Victor Hedman Quinn Hughes 40 1 2 2
2 Roman Josi Zachary Werenski 34 1 2 2
3 Martin Fehervary Shea Theodore 25 1 2 2
4 Victor Hedman Quinn Hughes 1 1 2 2
PowerPlay Forward
Center Left Wing Right Wing Time % Phy DF OF
1 Tim Stutzle Kyle Connor Nikita Kucherov 50 1 2 2
2 Ryan O'Reilly Nick Schmaltz David Pastrnak 50 1 2 2
PowerPlay Defense
Defense Defense Time % Phy DF OF
1 Victor Hedman Quinn Hughes 50 1 2 2
2 Roman Josi Shea Theodore 50 1 2 2
Penalty Kill 4 Players Forward
Center Wing Time % Phy DF OF
1 Ryan O'Reilly Nick Bonino 50 1 2 2
2 Evgeny Kuznetsov Nick Schmaltz 50 1 2 2
Penalty Kill 4 Players Defense
Defense Defense Time % Phy DF OF
1 Victor Hedman Martin Fehervary 50 1 2 2
2 Zachary Werenski Roman Josi 50 1 2 2
Penalty Kill - 3 Players Forward
Forward Time % Phy DF OF
1 Nick Bonino 50 1 2 2
2 Ryan O'Reilly 50 1 2 2
Penalty Kill - 3 Players Defense
Defense Defense Time % Phy DF OF
1 Victor Hedman Martin Fehervary 50 1 2 2
2 Roman Josi Zachary Werenski 50 1 2 2
4 vs 4 Forward
Center Wing Time % Phy DF OF
1 Tim Stutzle David Pastrnak 50 1 2 2
2 Ryan O'Reilly Kyle Connor 50 1 2 2
4 vs 4 Defense
Defense Defense Time % Phy DF OF
1 Victor Hedman Quinn Hughes 50 1 2 2
2 Roman Josi Shea Theodore 50 1 2 2
Last Minutes Offensive
Center Left Wing Right Wing Defense Defense
Ryan O'Reilly Kyle Connor David Pastrnak Victor Hedman Quinn Hughes
Last Minutes Defensive
Center Left Wing Right Wing Defense Defense
Ryan O'Reilly Kyle Connor David Pastrnak Victor Hedman Quinn Hughes
Goaltenders
Starting : Andrei Vasilevskiy
Backup : Ilya Samsonov
Extra Forwards
Normal : Nick Schmaltz, Evgeny Kuznetsov, Dylan Strome - PP : Nick Schmaltz, Evgeny Kuznetsov - PK : Dylan Strome
Extra Defensemen
Normal : Martin Fehervary, Quinn Hughes, Roman Josi - PP : Martin Fehervary - PK : Quinn Hughes, Roman Josi
Penalty Shots
Nikita Kucherov, Evgeny Kuznetsov, Kevin Hayes, Nick Schmaltz, Tim Stutzle
Pittsburgh Penguins
5 vs 5 Forward
Center Left Wing Right Wing Time % Phy DF OF
1 Jean-Gabriel Pageau Leon Draisaitl Mitchell Marner 30 1 2 2
2 Phillip Danault Pavel Buchnevich Sam Reinhart 30 1 2 2
3 Ryan Johansen Anders Lee Jordan Eberle 25 1 2 2
4 Colton Sissons Gabriel Vilardi Tom Wilson 15 1 2 2
5 vs 5 Defense
Defense Defense Time % Phy DF OF
1 Erik Karlsson Mattias Ekholm 30 1 2 2
2 Ryan Suter Brian Dumoulin 30 1 2 2
3 Erik Gudbranson J.J. Moser 30 1 2 2
4 Erik Karlsson Mattias Ekholm 10 1 2 2
PowerPlay Forward
Center Left Wing Right Wing Time % Phy DF OF
1 Leon Draisaitl Pavel Buchnevich Mitchell Marner 50 0 2 3
2 Jean-Gabriel Pageau Anders Lee Sam Reinhart 50 1 2 2
PowerPlay Defense
Defense Defense Time % Phy DF OF
1 Erik Karlsson Ryan Suter 50 1 2 2
2 Mattias Ekholm Brian Dumoulin 50 1 2 2
Penalty Kill 4 Players Forward
Center Wing Time % Phy DF OF
1 Leon Draisaitl Phillip Danault 50 1 2 2
2 Jean-Gabriel Pageau Colton Sissons 50 1 2 2
Penalty Kill 4 Players Defense
Defense Defense Time % Phy DF OF
1 Mattias Ekholm Brian Dumoulin 50 1 2 2
2 Erik Gudbranson Erik Karlsson 50 1 2 2
Penalty Kill - 3 Players Forward
Forward Time % Phy DF OF
1 Leon Draisaitl 50 1 2 2
2 Mitchell Marner 50 1 2 2
Penalty Kill - 3 Players Defense
Defense Defense Time % Phy DF OF
1 Erik Gudbranson Erik Karlsson 50 1 2 2
2 Mattias Ekholm Brian Dumoulin 50 1 2 2
4 vs 4 Forward
Center Wing Time % Phy DF OF
1 Leon Draisaitl Mitchell Marner 50 1 2 2
2 Sam Reinhart Pavel Buchnevich 50 1 2 2
4 vs 4 Defense
Defense Defense Time % Phy DF OF
1 Erik Karlsson Ryan Suter 50 1 2 2
2 Mattias Ekholm Brian Dumoulin 50 1 2 2
Last Minutes Offensive
Center Left Wing Right Wing Defense Defense
Leon Draisaitl Pavel Buchnevich Mitchell Marner Erik Karlsson Mattias Ekholm
Last Minutes Defensive
Center Left Wing Right Wing Defense Defense
Leon Draisaitl Pavel Buchnevich Mitchell Marner Erik Karlsson Mattias Ekholm
Goaltenders
Starting : Akira Schmid
Backup : Marc-Andre Fleury
Extra Forwards
Normal : Tom Wilson, Gabriel Vilardi, Phillip Danault - PP : Tom Wilson, Gabriel Vilardi - PK : Phillip Danault
Extra Defensemen
Normal : Erik Gudbranson, Brian Dumoulin, Erik Karlsson - PP : Erik Gudbranson - PK : Erik Karlsson, Mattias Ekholm
Penalty Shots
Leon Draisaitl, Mitchell Marner, Sam Reinhart, Pavel Buchnevich, Jean-Gabriel Pageau
% Time on Ice - Colorado Rockies
Lines # - Real PCT - Wanted PCT - Time Play
Normal Forward
1 - 28% - 30% - 15:44
2 - 30% - 30% - 16:55
3 - 24% - 25% - 13:12
4 - 18% - 15% - 10:11
Normal Defense
1 - 39% - 40% - 22:06
2 - 33% - 34% - 18:24
3 - 27% - 25% - 14:56
4 - 1% - 1% - 0:36
PP Forward
1 - 55% - 50% - 1:06
2 - 45% - 50% - 0:53
PP Defense
1 - 45% - 50% - 0:53
2 - 55% - 50% - 1:06
PK Forward
1 - 61% - 50% - 1:13
2 - 39% - 50% - 0:46
PK Defense
1 - 50% - 50% - 1:00
2 - 50% - 50% - 0:59
PK3 Forward
1 - 0% - 50%
2 - 0% - 50%
PK3 Defense
1 - 0% - 50%
2 - 0% - 50%
44 Forward
1 - 0% - 50%
2 - 0% - 50%
44 Defense
1 - 0% - 50%
2 - 0% - 50%
Last Minute Offensive - 0:00
Last Minute Defensive - 0:00
Total
Forward - 60:00
Defense - 60:00
|
% Time on Ice - Pittsburgh Penguins
Lines # - Real PCT - Wanted PCT - Time Play
Normal Forward
1 - 30% - 30% - 16:41
2 - 32% - 30% - 17:48
3 - 24% - 25% - 13:39
4 - 14% - 15% - 7:54
Normal Defense
1 - 30% - 30% - 16:33
2 - 32% - 30% - 17:53
3 - 30% - 30% - 16:44
4 - 9% - 10% - 4:52
PP Forward
1 - 52% - 50% - 1:02
2 - 48% - 50% - 0:57
PP Defense
1 - 41% - 50% - 0:49
2 - 59% - 50% - 1:10
PK Forward
1 - 61% - 50% - 1:13
2 - 39% - 50% - 0:46
PK Defense
1 - 70% - 50% - 1:23
2 - 30% - 50% - 0:36
PK3 Forward
1 - 0% - 50%
2 - 0% - 50%
PK3 Defense
1 - 0% - 50%
2 - 0% - 50%
44 Forward
1 - 0% - 50%
2 - 0% - 50%
44 Defense
1 - 0% - 50%
2 - 0% - 50%
Last Minute Offensive - 0:00
Last Minute Defensive - 0:00
Total
Forward - 60:00
Defense - 60:00
|
Play-by-Play
1st period
0:01 of 1st period - Jean-Gabriel Pageau wins face-off versus Tim Stutzle in neutral zone.
0:16 of 1st period - Backhand shot by David Pastrnak.
0:16 of 1st period - Shot Misses the Net.
0:32 of 1st period - Snap shot by Jesper Bratt.
0:32 of 1st period - Stopped by Akira Schmid without a rebound.
0:33 of 1st period - Ryan O'Reilly wins face-off versus Ryan Johansen in Pittsburgh Penguins zone.
0:34 of 1st period - Slapshot by Nikita Kucherov.
0:34 of 1st period - Stopped by Akira Schmid with a rebound.
0:44 of 1st period - Snap shot by Nikita Kucherov.
0:44 of 1st period - Shot Misses the Net.
1:20 of 1st period - Brian Dumoulin is hit by Martin Fehervary and loses puck.
1:31 of 1st period - Wrist shot by Anders Lee.
1:31 of 1st period - Shot Blocked by Jesper Bratt.
1:37 of 1st period - Snap shot by Jordan Eberle.
1:37 of 1st period - Shot Misses the Net.
1:39 of 1st period - Slapshot by J.J. Moser.
1:39 of 1st period - Shot Blocked by Jesper Bratt.
1:41 of 1st period - Snap shot by Anders Lee.
1:41 of 1st period - Stopped by Andrei Vasilevskiy without a rebound.
1:42 of 1st period - Phillip Danault wins face-off versus Evgeny Kuznetsov in Colorado Rockies zone.
1:55 of 1st period - Wrist shot by Pavel Buchnevich.
1:55 of 1st period - Stopped by Andrei Vasilevskiy without a rebound.
1:56 of 1st period - Colton Sissons wins face-off versus Kevin Hayes in Colorado Rockies zone.
2:01 of 1st period - Wrist shot by Tom Wilson.
2:01 of 1st period - Shot Blocked by Victor Hedman.
2:05 of 1st period - Slapshot by Tom Wilson.
2:05 of 1st period - Stopped by Andrei Vasilevskiy with a rebound.
2:11 of 1st period - Slapshot by Tom Wilson.
2:11 of 1st period - Shot Misses the Net.
2:21 of 1st period - Mitchell Marner is hit by Victor Hedman.
2:25 of 1st period - Snap shot by Nick Schmaltz.
2:25 of 1st period - Shot Misses the Net.
2:27 of 1st period - Wrist shot by Dylan Strome.
2:27 of 1st period - Shot Misses the Net.
2:29 of 1st period - Snap shot by Roman Josi.
2:29 of 1st period - Shot Misses the Net.
2:31 of 1st period - Wrist shot by Dylan Strome.
2:31 of 1st period - Stopped by Akira Schmid without a rebound.
2:32 of 1st period - Phillip Danault wins face-off versus Tim Stutzle in Pittsburgh Penguins zone.
2:43 of 1st period - Roman Josi is hit by Pavel Buchnevich and loses puck.
3:56 of 1st period - Slapshot by Pavel Buchnevich.
3:56 of 1st period - Stopped by Andrei Vasilevskiy with a rebound.
4:10 of 1st period - Wrist shot by Tom Wilson.
4:10 of 1st period - Stopped by Andrei Vasilevskiy with a rebound.
4:37 of 1st period - Snap shot by Evgeny Kuznetsov.
4:37 of 1st period - Stopped by Akira Schmid without a rebound.
4:38 of 1st period - Phillip Danault wins face-off versus Tim Stutzle in Pittsburgh Penguins zone.
4:53 of 1st period - Snap shot by Sam Reinhart.
4:53 of 1st period - Shot Blocked by Zachary Werenski.
5:29 of 1st period - Off-side.
5:30 of 1st period - Jean-Gabriel Pageau wins face-off versus Kevin Hayes in neutral zone.
5:43 of 1st period - Snap shot by Mitchell Marner.
5:43 of 1st period - Stopped by Andrei Vasilevskiy with a rebound.
5:55 of 1st period - Kyle Connor is hit by Pavel Buchnevich and loses puck.
6:24 of 1st period - Snap shot by Tom Wilson.
6:24 of 1st period - Stopped by Andrei Vasilevskiy with a rebound.
6:28 of 1st period - Wrist shot by Tom Wilson.
6:28 of 1st period - Shot Blocked by Jesper Bratt.
6:38 of 1st period - Snap shot by Anders Lee.
6:38 of 1st period - Stopped by Andrei Vasilevskiy without a rebound.
6:39 of 1st period - Ryan Johansen wins face-off versus Evgeny Kuznetsov in Colorado Rockies zone.
8:11 of 1st period - Evgeny Kuznetsov is hit by Anders Lee and loses puck.
8:56 of 1st period - Snap shot by David Pastrnak.
8:56 of 1st period - Stopped by Akira Schmid with a rebound.
9:30 of 1st period - Snap shot by David Pastrnak.
9:30 of 1st period - Stopped by Akira Schmid with a rebound.
9:44 of 1st period - Snap shot by Tim Stutzle.
9:44 of 1st period - Stopped by Akira Schmid with a rebound.
10:02 of 1st period - Snap shot by Kyle Connor.
10:02 of 1st period - Shot Misses the Net.
10:04 of 1st period - Wrist shot by David Pastrnak.
10:04 of 1st period - Shot Blocked by Leon Draisaitl.
10:06 of 1st period - Wrist shot by Tim Stutzle.
10:06 of 1st period - Stopped by Akira Schmid with a rebound.
10:08 of 1st period - Snap shot by Tim Stutzle.
10:08 of 1st period - Shot Misses the Net.
10:12 of 1st period - Wrist shot by David Pastrnak.
10:12 of 1st period - Shot Misses the Net.
10:24 of 1st period - Snap shot by Mitchell Marner.
10:24 of 1st period - Shot Blocked by Kyle Connor.
11:38 of 1st period - Snap shot by Mitchell Marner.
11:38 of 1st period - Goal by Mitchell Marner - Colorado Rockies : 0 - Pittsburgh Penguins : 1.
11:39 of 1st period - Ryan O'Reilly wins face-off versus Phillip Danault in neutral zone.
11:50 of 1st period - Snap shot by Pavel Buchnevich.
11:50 of 1st period - Shot Misses the Net.
12:11 of 1st period - Wrist shot by Jordan Eberle.
12:11 of 1st period - Stopped by Andrei Vasilevskiy without a rebound.
12:12 of 1st period - Ryan Johansen wins face-off versus Kevin Hayes in Colorado Rockies zone.
12:23 of 1st period - Ryan Johansen is hit by Martin Fehervary and loses puck.
12:51 of 1st period - Slapshot by Kevin Hayes.
12:51 of 1st period - Shot Blocked by Mattias Ekholm.
12:53 of 1st period - Slapshot by Martin Fehervary.
12:53 of 1st period - Deflect By Kyle Palmieri.
12:53 of 1st period - Stopped by Akira Schmid with a rebound.
13:32 of 1st period - Wrist shot by Kyle Palmieri.
13:32 of 1st period - Shot Blocked by Erik Karlsson.
13:52 of 1st period - Snap shot by Ryan Johansen.
13:52 of 1st period - Stopped by Andrei Vasilevskiy without a rebound.
13:53 of 1st period - Ryan O'Reilly wins face-off versus Phillip Danault in Colorado Rockies zone.
14:08 of 1st period - Snap shot by Jesper Bratt.
14:08 of 1st period - Stopped by Akira Schmid without a rebound.
14:09 of 1st period - Colton Sissons wins face-off versus Evgeny Kuznetsov in Pittsburgh Penguins zone.
14:20 of 1st period - Snap shot by Nick Schmaltz.
14:20 of 1st period - Stopped by Akira Schmid without a rebound.
14:21 of 1st period - Ryan O'Reilly wins face-off versus Phillip Danault in Pittsburgh Penguins zone.
14:26 of 1st period - Snap shot by Nikita Kucherov.
14:26 of 1st period - Stopped by Akira Schmid with a rebound.
17:03 of 1st period - Snap shot by Leon Draisaitl.
17:03 of 1st period - Stopped by Andrei Vasilevskiy without a rebound.
17:04 of 1st period - Tim Stutzle wins face-off versus Jean-Gabriel Pageau in Colorado Rockies zone.
17:12 of 1st period - Slapshot by Quinn Hughes.
17:12 of 1st period - Deflect By Leon Draisaitl.
17:12 of 1st period - Stopped by Akira Schmid with a rebound.
17:14 of 1st period - Slapshot by Quinn Hughes.
17:14 of 1st period - Shot Misses the Net.
17:16 of 1st period - Slapshot by Kyle Connor.
17:16 of 1st period - Shot Blocked by Jean-Gabriel Pageau.
17:41 of 1st period - Backhand shot by Nikita Kucherov.
17:41 of 1st period - Shot Misses the Net.
17:59 of 1st period - Wrist shot by Kyle Palmieri.
17:59 of 1st period - Stopped by Akira Schmid without a rebound.
18:00 of 1st period - Colton Sissons wins face-off versus Evgeny Kuznetsov in Pittsburgh Penguins zone.
18:00 of 1st period - Colton Sissons is hit by Nick Schmaltz.
18:08 of 1st period - Snap shot by Tom Wilson.
18:08 of 1st period - Shot Blocked by Martin Fehervary.
18:10 of 1st period - Slapshot by Erik Karlsson.
18:10 of 1st period - Deflect By Tom Wilson.
18:10 of 1st period - Shot Misses the Net.
18:10 of 1st period - Puck is out of play.
18:11 of 1st period - Ryan O'Reilly wins face-off versus Colton Sissons in Colorado Rockies zone.
18:16 of 1st period - Roman Josi is hit by Mattias Ekholm and loses puck.
18:41 of 1st period - Off-side.
18:42 of 1st period - Phillip Danault wins face-off versus Evgeny Kuznetsov in neutral zone.
18:49 of 1st period - Pavel Buchnevich is hit by Evgeny Kuznetsov.
18:50 of 1st period - Icing by Pavel Buchnevich.
18:51 of 1st period - Phillip Danault wins face-off versus Evgeny Kuznetsov in Pittsburgh Penguins zone.
19:03 of 1st period - Nick Schmaltz is hit by Erik Gudbranson and loses puck.
19:42 of 1st period - Snap shot by Sam Reinhart.
19:42 of 1st period - Stopped by Andrei Vasilevskiy without a rebound.
19:43 of 1st period - Ryan Johansen wins face-off versus Ryan O'Reilly in Colorado Rockies zone.
19:54 of 1st period - Wrist shot by Anders Lee.
19:54 of 1st period - Stopped by Andrei Vasilevskiy with a rebound.
19:56 of 1st period - Slapshot by Erik Karlsson.
19:56 of 1st period - Stopped by Andrei Vasilevskiy with a rebound.
Goals for this period are 0 for Colorado Rockies vs 1 for Pittsburgh Penguins.
Shots for this period are 14 for Colorado Rockies vs 15 for Pittsburgh Penguins.
2nd period
0:01 of 2nd period - Ryan O'Reilly wins face-off versus Phillip Danault in neutral zone.
0:58 of 2nd period - Slapshot by Kyle Connor.
0:58 of 2nd period - Shot Misses the Net.
1:52 of 2nd period - Quinn Hughes is hit by Anders Lee.
2:39 of 2nd period - Erik Karlsson is hit by Roman Josi and loses puck.
2:48 of 2nd period - Wrist shot by Jordan Eberle.
2:48 of 2nd period - Stopped by Andrei Vasilevskiy with a rebound.
2:50 of 2nd period - Snap shot by Erik Karlsson.
2:50 of 2nd period - Stopped by Andrei Vasilevskiy without a rebound.
2:51 of 2nd period - Sam Reinhart wins face-off versus Kevin Hayes in Colorado Rockies zone.
4:28 of 2nd period - Wrist shot by Pavel Buchnevich.
4:28 of 2nd period - Shot Blocked by Zachary Werenski.
4:44 of 2nd period - Pavel Buchnevich is hit by Roman Josi and loses puck.
4:57 of 2nd period - Snap shot by Phillip Danault.
4:57 of 2nd period - Shot Blocked by Nick Bonino.
5:05 of 2nd period - Slapshot by Pavel Buchnevich.
5:05 of 2nd period - Shot Blocked by Roman Josi.
5:07 of 2nd period - Slapshot by Phillip Danault.
5:07 of 2nd period - Shot Misses the Net.
5:11 of 2nd period - Snap shot by Phillip Danault.
5:11 of 2nd period - Stopped by Andrei Vasilevskiy with a rebound.
5:33 of 2nd period - Snap shot by Sam Reinhart.
5:33 of 2nd period - Goal by Sam Reinhart - Colorado Rockies : 0 - Pittsburgh Penguins : 2.
5:34 of 2nd period - Jean-Gabriel Pageau wins face-off versus Nikita Kucherov in neutral zone.
5:39 of 2nd period - Slapshot by Mitchell Marner.
5:39 of 2nd period - Stopped by Andrei Vasilevskiy with a rebound.
5:45 of 2nd period - Snap shot by Nikita Kucherov.
5:45 of 2nd period - Shot Blocked by Jean-Gabriel Pageau.
6:28 of 2nd period - Slapshot by Jordan Eberle.
6:28 of 2nd period - Deflect By Ryan Johansen.
6:28 of 2nd period - Shot Blocked by Shea Theodore.
6:28 of 2nd period - Puck is out of play.
6:29 of 2nd period - Ryan Johansen wins face-off versus Ryan O'Reilly in Colorado Rockies zone.
6:34 of 2nd period - Slapshot by Ryan Johansen.
6:34 of 2nd period - Shot Misses the Net.
6:36 of 2nd period - Snap shot by Erik Karlsson.
6:36 of 2nd period - Stopped by Andrei Vasilevskiy with a rebound.
6:38 of 2nd period - Slapshot by Ryan Johansen.
6:38 of 2nd period - Goal by Ryan Johansen - Colorado Rockies : 0 - Pittsburgh Penguins : 3.
6:39 of 2nd period - Ryan O'Reilly wins face-off versus Colton Sissons in neutral zone.
7:35 of 2nd period - Wrist shot by Tim Stutzle.
7:35 of 2nd period - Shot Misses the Net.
7:37 of 2nd period - Snap shot by Kyle Connor.
7:37 of 2nd period - Stopped by Akira Schmid without a rebound.
7:38 of 2nd period - Nikita Kucherov wins face-off versus Colton Sissons in Pittsburgh Penguins zone.
7:39 of 2nd period - Snap shot by Jesper Bratt.
7:39 of 2nd period - Goal by Jesper Bratt - Colorado Rockies : 1 - Pittsburgh Penguins : 3.
7:40 of 2nd period - Ryan O'Reilly wins face-off versus Jean-Gabriel Pageau in neutral zone.
7:43 of 2nd period - Wrist shot by Jesper Bratt.
7:43 of 2nd period - Shot Blocked by Erik Karlsson.
8:04 of 2nd period - Icing by Martin Fehervary.
8:05 of 2nd period - Ryan Johansen wins face-off versus Ryan O'Reilly in Colorado Rockies zone.
8:12 of 2nd period - Snap shot by Gabriel Vilardi.
8:12 of 2nd period - Shot Misses the Net.
8:14 of 2nd period - Backhand shot by Tom Wilson.
8:14 of 2nd period - Shot Misses the Net.
8:16 of 2nd period - Slapshot by Tom Wilson.
8:16 of 2nd period - Stopped by Andrei Vasilevskiy with a rebound.
8:18 of 2nd period - Slapshot by Tom Wilson.
8:18 of 2nd period - Shot Misses the Net.
8:20 of 2nd period - Snap shot by Colton Sissons.
8:20 of 2nd period - Stopped by Andrei Vasilevskiy without a rebound.
8:21 of 2nd period - Phillip Danault wins face-off versus Nick Schmaltz in Colorado Rockies zone.
8:38 of 2nd period - Snap shot by Evgeny Kuznetsov.
8:38 of 2nd period - Stopped by Akira Schmid without a rebound.
8:39 of 2nd period - Ryan Johansen wins face-off versus Ryan O'Reilly in Pittsburgh Penguins zone.
9:06 of 2nd period - Quinn Hughes is hit by Jean-Gabriel Pageau and loses puck.
10:19 of 2nd period - Ryan O'Reilly is hit by Ryan Johansen and loses puck.
10:34 of 2nd period - Jesper Bratt is hit by Jean-Gabriel Pageau and loses puck.
10:55 of 2nd period - Shea Theodore is hit by Phillip Danault and loses puck.
11:01 of 2nd period - Minor Penalty to Mattias Ekholm for High sticking.
11:02 of 2nd period - Tim Stutzle wins face-off versus Leon Draisaitl in Pittsburgh Penguins zone.
11:12 of 2nd period - Wrist shot by Tim Stutzle.
11:12 of 2nd period - Deflect By Nikita Kucherov.
11:12 of 2nd period - Stopped by Akira Schmid without a rebound.
11:13 of 2nd period - Jean-Gabriel Pageau wins face-off versus Ryan O'Reilly in Pittsburgh Penguins zone.
11:26 of 2nd period - Snap shot by Nick Schmaltz.
11:26 of 2nd period - Stopped by Akira Schmid without a rebound.
11:27 of 2nd period - Tim Stutzle wins face-off versus Leon Draisaitl in Pittsburgh Penguins zone.
12:05 of 2nd period - Off-side.
12:06 of 2nd period - Tim Stutzle wins face-off versus Leon Draisaitl in neutral zone.
12:15 of 2nd period - Snap shot by Kyle Connor.
12:15 of 2nd period - Deflect By Tim Stutzle.
12:15 of 2nd period - Shot Misses the Net.
12:15 of 2nd period - Puck is out of play.
12:16 of 2nd period - Tim Stutzle wins face-off versus Leon Draisaitl in Pittsburgh Penguins zone.
12:17 of 2nd period - Wrist shot by Nikita Kucherov.
12:17 of 2nd period - Shot Hit the Post.
12:19 of 2nd period - Wrist shot by Tim Stutzle.
12:19 of 2nd period - Shot Misses the Net.
12:21 of 2nd period - Snap shot by Victor Hedman.
12:21 of 2nd period - Shot Misses the Net.
12:23 of 2nd period - Snap shot by Kyle Connor.
12:23 of 2nd period - Shot Hit the Post.
12:25 of 2nd period - Slapshot by Victor Hedman.
12:25 of 2nd period - Deflect By Erik Karlsson.
12:25 of 2nd period - Stopped by Akira Schmid with a rebound.
12:27 of 2nd period - Slapshot by Victor Hedman.
12:27 of 2nd period - Deflect By Nikita Kucherov.
12:27 of 2nd period - Shot Misses the Net.
12:27 of 2nd period - Puck is out of play.
12:28 of 2nd period - Colton Sissons wins face-off versus Nick Schmaltz in Pittsburgh Penguins zone.
12:28 of 2nd period - Colton Sissons is hit by Roman Josi.
13:01 of 2nd period - Penalty to Mattias Ekholm is over, Mattias Ekholm is back on ice.
13:10 of 2nd period - Snap shot by Leon Draisaitl.
13:10 of 2nd period - Goal by Leon Draisaitl - Colorado Rockies : 1 - Pittsburgh Penguins : 4.
13:11 of 2nd period - Phillip Danault wins face-off versus Nikita Kucherov in neutral zone.
13:16 of 2nd period - Wrist shot by Sam Reinhart.
13:16 of 2nd period - Shot Misses the Net.
14:04 of 2nd period - Snap shot by Leon Draisaitl.
14:04 of 2nd period - Stopped by Andrei Vasilevskiy without a rebound.
14:05 of 2nd period - Jean-Gabriel Pageau wins face-off versus Ryan O'Reilly in Colorado Rockies zone.
14:34 of 2nd period - Icing by Phillip Danault.
14:35 of 2nd period - Evgeny Kuznetsov wins face-off versus Phillip Danault in Pittsburgh Penguins zone.
14:40 of 2nd period - Snap shot by Nick Schmaltz.
14:40 of 2nd period - Stopped by Akira Schmid without a rebound.
14:41 of 2nd period - Tim Stutzle wins face-off versus Ryan Johansen in Pittsburgh Penguins zone.
14:46 of 2nd period - Snap shot by David Pastrnak.
14:46 of 2nd period - Stopped by Akira Schmid without a rebound.
14:47 of 2nd period - Ryan Johansen wins face-off versus Tim Stutzle in Pittsburgh Penguins zone.
14:47 of 2nd period - Ryan Johansen is hit by David Pastrnak.
14:53 of 2nd period - Tim Stutzle is hit by Anders Lee.
15:10 of 2nd period - Icing by Quinn Hughes.
15:11 of 2nd period - Evgeny Kuznetsov wins face-off versus Phillip Danault in Colorado Rockies zone.
15:26 of 2nd period - Wrist shot by Dylan Strome.
15:26 of 2nd period - Shot Misses the Net.
15:28 of 2nd period - Slapshot by Victor Hedman.
15:28 of 2nd period - Deflect By Nick Schmaltz.
15:28 of 2nd period - Stopped by Akira Schmid with a rebound.
16:12 of 2nd period - Slapshot by Roman Josi.
16:12 of 2nd period - Deflect By Tim Stutzle.
16:12 of 2nd period - Shot Misses the Net.
16:12 of 2nd period - Puck is out of play.
16:13 of 2nd period - Evgeny Kuznetsov wins face-off versus Ryan Johansen in Pittsburgh Penguins zone.
16:50 of 2nd period - Snap shot by Phillip Danault.
16:50 of 2nd period - Stopped by Andrei Vasilevskiy with a rebound.
17:24 of 2nd period - Minor Penalty to Ryan O'Reilly for Hooking.
17:25 of 2nd period - Leon Draisaitl wins face-off versus Dylan Strome in Colorado Rockies zone.
19:24 of 2nd period - Penalty to Ryan O'Reilly is over, Ryan O'Reilly is back on ice.
19:24 of 2nd period - Leon Draisaitl is hit by Tim Stutzle and loses puck.
19:47 of 2nd period - Wrist shot by Tim Stutzle.
19:47 of 2nd period - Stopped by Akira Schmid without a rebound.
19:48 of 2nd period - Colton Sissons wins face-off versus Evgeny Kuznetsov in Pittsburgh Penguins zone.
Goals for this period are 1 for Colorado Rockies vs 3 for Pittsburgh Penguins.
Shots for this period are 10 for Colorado Rockies vs 12 for Pittsburgh Penguins.
3rd period
0:01 of 3rd period - Phillip Danault wins face-off versus Ryan O'Reilly in neutral zone.
0:14 of 3rd period - Phillip Danault is hit by Nikita Kucherov and loses puck.
0:36 of 3rd period - Snap shot by Anders Lee.
0:36 of 3rd period - Stopped by Andrei Vasilevskiy with a rebound.
0:48 of 3rd period - Victor Hedman is hit by Erik Gudbranson and loses puck.
0:55 of 3rd period - Slapshot by Colton Sissons.
0:55 of 3rd period - Stopped by Andrei Vasilevskiy with a rebound.
1:15 of 3rd period - Snap shot by Dylan Strome.
1:15 of 3rd period - Deflect By Nick Schmaltz.
1:15 of 3rd period - Shot Misses the Net.
1:15 of 3rd period - Puck is out of play.
1:16 of 3rd period - Tim Stutzle wins face-off versus Phillip Danault in Pittsburgh Penguins zone.
1:29 of 3rd period - Wrist shot by Kyle Connor.
1:29 of 3rd period - Shot Blocked by Pavel Buchnevich.
1:31 of 3rd period - Slapshot by Zachary Werenski.
1:31 of 3rd period - Shot Blocked by Ryan Suter.
1:33 of 3rd period - Wrist shot by Tim Stutzle.
1:33 of 3rd period - Stopped by Akira Schmid with a rebound.
1:48 of 3rd period - Jesper Bratt is hit by Ryan Suter and loses puck.
2:02 of 3rd period - Icing by Kevin Hayes.
2:03 of 3rd period - Kevin Hayes wins face-off versus Jean-Gabriel Pageau in Colorado Rockies zone.
2:15 of 3rd period - Slapshot by Shea Theodore.
2:15 of 3rd period - Shot Misses the Net.
2:17 of 3rd period - Slapshot by Shea Theodore.
2:17 of 3rd period - Stopped by Akira Schmid without a rebound.
2:18 of 3rd period - Ryan O'Reilly wins face-off versus Phillip Danault in Pittsburgh Penguins zone.
2:34 of 3rd period - J.J. Moser is hit by Quinn Hughes and loses puck.
2:47 of 3rd period - Nikita Kucherov is hit by Jean-Gabriel Pageau.
2:51 of 3rd period - Jean-Gabriel Pageau is hit by Quinn Hughes.
3:13 of 3rd period - Snap shot by Tim Stutzle.
3:13 of 3rd period - Shot Blocked by Erik Karlsson.
3:39 of 3rd period - Slapshot by Dylan Strome.
3:39 of 3rd period - Deflect By Nick Schmaltz.
3:39 of 3rd period - Shot Blocked by Colton Sissons.
3:39 of 3rd period - Puck is out of play.
3:40 of 3rd period - Phillip Danault wins face-off versus Tim Stutzle in Pittsburgh Penguins zone.
4:52 of 3rd period - Wrist shot by Sam Reinhart.
4:52 of 3rd period - Shot Blocked by Martin Fehervary.
5:08 of 3rd period - Phillip Danault is hit by Evgeny Kuznetsov and loses puck.
5:27 of 3rd period - Slapshot by Sam Reinhart.
5:27 of 3rd period - Stopped by Andrei Vasilevskiy without a rebound.
5:28 of 3rd period - Ryan O'Reilly wins face-off versus Jean-Gabriel Pageau in Colorado Rockies zone.
6:12 of 3rd period - Icing by Mattias Ekholm.
6:13 of 3rd period - Colton Sissons wins face-off versus Kevin Hayes in Pittsburgh Penguins zone.
6:27 of 3rd period - Wrist shot by Kevin Hayes.
6:27 of 3rd period - Shot Misses the Net.
6:29 of 3rd period - Wrist shot by Nick Bonino.
6:29 of 3rd period - Stopped by Akira Schmid with a rebound.
6:43 of 3rd period - Slapshot by Leon Draisaitl.
6:43 of 3rd period - Stopped by Andrei Vasilevskiy without a rebound.
6:44 of 3rd period - Jean-Gabriel Pageau wins face-off versus Tim Stutzle in Colorado Rockies zone.
6:49 of 3rd period - Snap shot by Leon Draisaitl.
6:49 of 3rd period - Shot Misses the Net.
7:35 of 3rd period - Snap shot by Leon Draisaitl.
7:35 of 3rd period - Stopped by Andrei Vasilevskiy with a rebound.
7:59 of 3rd period - Wrist shot by Leon Draisaitl.
7:59 of 3rd period - Shot Misses the Net.
8:11 of 3rd period - Snap shot by Leon Draisaitl.
8:11 of 3rd period - Stopped by Andrei Vasilevskiy with a rebound.
8:16 of 3rd period - Off-side.
8:17 of 3rd period - Ryan Johansen wins face-off versus Ryan O'Reilly in neutral zone.
8:17 of 3rd period - Ryan Johansen is hit by Nikita Kucherov.
9:08 of 3rd period - Anders Lee is hit by Kevin Hayes and loses puck.
9:59 of 3rd period - Slapshot by Mattias Ekholm.
9:59 of 3rd period - Shot Misses the Net.
10:44 of 3rd period - Snap shot by Kevin Hayes.
10:44 of 3rd period - Shot Misses the Net.
10:46 of 3rd period - Wrist shot by Nick Bonino.
10:46 of 3rd period - Shot Misses the Net.
10:54 of 3rd period - Wrist shot by Kyle Palmieri.
10:54 of 3rd period - Stopped by Akira Schmid without a rebound.
10:55 of 3rd period - Phillip Danault wins face-off versus Ryan O'Reilly in Pittsburgh Penguins zone.
11:21 of 3rd period - Shea Theodore is hit by Tom Wilson and loses puck.
12:02 of 3rd period - Sam Reinhart is hit by Nikita Kucherov and loses puck.
12:11 of 3rd period - Snap shot by Sam Reinhart.
12:11 of 3rd period - Stopped by Andrei Vasilevskiy without a rebound.
12:12 of 3rd period - Evgeny Kuznetsov wins face-off versus Colton Sissons in Colorado Rockies zone.
12:47 of 3rd period - J.J. Moser is hit by Ryan O'Reilly and loses puck.
13:23 of 3rd period - Martin Fehervary is hit by Brian Dumoulin and loses puck.
13:37 of 3rd period - Off-side.
13:38 of 3rd period - Ryan O'Reilly wins face-off versus Phillip Danault in neutral zone.
13:41 of 3rd period - Slapshot by Zachary Werenski.
13:41 of 3rd period - Stopped by Akira Schmid without a rebound.
13:42 of 3rd period - Phillip Danault wins face-off versus Ryan O'Reilly in Pittsburgh Penguins zone.
13:50 of 3rd period - Off-side.
13:51 of 3rd period - Jean-Gabriel Pageau wins face-off versus Ryan O'Reilly in neutral zone.
15:06 of 3rd period - Snap shot by Roman Josi.
15:06 of 3rd period - Stopped by Akira Schmid with a rebound.
15:08 of 3rd period - Slapshot by Ryan O'Reilly.
15:08 of 3rd period - Stopped by Akira Schmid with a rebound.
16:27 of 3rd period - Wrist shot by Leon Draisaitl.
16:27 of 3rd period - Stopped by Andrei Vasilevskiy with a rebound.
16:47 of 3rd period - Snap shot by Anders Lee.
16:47 of 3rd period - Stopped by Andrei Vasilevskiy without a rebound.
16:48 of 3rd period - Phillip Danault wins face-off versus Tim Stutzle in Colorado Rockies zone.
16:56 of 3rd period - Slapshot by Quinn Hughes.
16:56 of 3rd period - Deflect By Tim Stutzle.
16:56 of 3rd period - Shot Blocked by Ryan Suter.
16:56 of 3rd period - Puck is out of play.
16:57 of 3rd period - Phillip Danault wins face-off versus Ryan O'Reilly in Pittsburgh Penguins zone.
17:14 of 3rd period - Wrist shot by Sam Reinhart.
17:14 of 3rd period - Stopped by Andrei Vasilevskiy with a rebound.
17:16 of 3rd period - Slapshot by Phillip Danault.
17:16 of 3rd period - Stopped by Andrei Vasilevskiy with a rebound.
17:18 of 3rd period - Snap shot by Brian Dumoulin.
17:18 of 3rd period - Stopped by Andrei Vasilevskiy without a rebound.
17:19 of 3rd period - Jean-Gabriel Pageau wins face-off versus Tim Stutzle in Colorado Rockies zone.
18:16 of 3rd period - Off-side.
18:17 of 3rd period - Evgeny Kuznetsov wins face-off versus Jean-Gabriel Pageau in neutral zone.
18:49 of 3rd period - Icing by Ryan Suter.
18:50 of 3rd period - Ryan O'Reilly wins face-off versus Phillip Danault in Pittsburgh Penguins zone.
19:05 of 3rd period - Wrist shot by Nikita Kucherov.
19:05 of 3rd period - Shot Blocked by Phillip Danault.
19:07 of 3rd period - Wrist shot by Quinn Hughes.
19:07 of 3rd period - Shot Misses the Net.
19:09 of 3rd period - Snap shot by Quinn Hughes.
19:09 of 3rd period - Shot Blocked by Pavel Buchnevich.
19:36 of 3rd period - Brian Dumoulin is hit by Jesper Bratt and loses puck.
19:53 of 3rd period - Snap shot by Jesper Bratt.
19:53 of 3rd period - Shot Blocked by Brian Dumoulin.
Goals for this period are 0 for Colorado Rockies vs 0 for Pittsburgh Penguins.
Shots for this period are 7 for Colorado Rockies vs 12 for Pittsburgh Penguins.
Back to the Top